Workbook
Name Abrechnungsdatum: STATISTIK!$D$27
Name bezirke: STATISTIK!$A$135:$A$141
Name MD_Anzahl: #REF!
Name MD_Auftragsdatum: #REF!
Name MD_Auftragswert: #REF!
Name MD_Ausgaben_ges: #REF!
Name MD_Ausgaben_zuw: #REF!
Name MD_Gegenstand: #REF!
Name PR_Anzahl: #REF!
Name PR_Ausgaben: #REF!
Name PR_Entscheidung: #REF!
Name Sofortauszahlung: "Check Box 108"
Name Text3: Antrag_SoLD_2_0!$D$20
Name VN_Ausgaben: #REF!

Sheet Antrag_SoLD_2_0
A1: Antrag auf Neufestsetzung der staatlichen Leistung in der ergänzenden Vollausstattungsrunde im Schuljahr 2022/2023 gemäß Nr. 7.4 SoLD
A4: Elektronisches Antragsformular (.xlsx) per E-Mail an: | F4: Zutreffendes bitte ankreuzen T oder ausfüllen
A5: =IF(MID(F9,2,1)="x","An die zuständige Stelle im Staatsministerium",CONCATENATE("An die Regierung ",IF(LEFT(F9)="3","der ","von "),IF(LEFT(F9)="1","Oberbayern",IF(LEFT(F9)="2","Niedebayern",IF(LEFT(F9)="3","Oberpfalz",IF(LEFT(F9)="4","Oberfranken",IF(LEFT(F9)="5","Mittelfranken",IF(LEFT(F9)="6","Unterfranken",IF(LEFT(F9)="7","Schwaben","XX"))))))))) -> An die Regierung von XX
A6: =IF(MID(F9,2,1)="x","",CONCATENATE("lehrerdienstgeraete@reg-",IF(LEFT(F9)="1","ob",IF(LEFT(F9)="2","nb",IF(LEFT(F9)="3","opf",IF(LEFT(F9)="4","ofr",IF(LEFT(F9)="5","mfr",IF(LEFT(F9)="6","ufr",IF(LEFT(F9)="7","schw","XX"))))))),".bayern.de")) -> lehrerdienstgeraete@reg-XX.bayern.de
A8: sowie an die benannte Stelle | F8: Kennziffer des Schulaufwandsträgers
A9: lehrerdienstgeraete@stmuk.bayern.de
A12: 1. | B12: Antragsteller (Datenaktualisierung)
B13: Der Antragsteller ist ein/eine:
B14: Name laut Anlage zur SoLD
B15: =IFERROR(INDEX(tab_SATLISTE[Schulaufwandsträger],MATCH($F$9,tab_SATLISTE[SAT-ID],0)),"Bitte geben Sie eine gültige TKZ in Zelle [F9] ein.") -> Bitte geben Sie eine gültige TKZ in Zelle [F9] ein.
B16: Straße, Hausnummer | F16: PLZ | G16: Ort
B18: Bankverbindung (IBAN, Geldinstitut)
B20: Auskunft erteilt (ggf. Vertretungsberechtigte/r)
B22: Telefon | D22: E-Mail-Adresse (Ansprechpartner) | G22: elektron. Übermittlung an (sofern eröffnet):
A25: 2. | B25: Erweiterung der Maßnahme
B26: =CONCATENATE("Beschaffung von mindestens ", IF(H36>0,H42,"(NR. 4 NOCH AUSZUFÜLLEN)"), " schulgebundenen mobilen Endgeräten einschließlich erforderlichem Zubehör, die Lehrkräften sowie dem weiteren pädagogischen Personal ","als personenbezogene digitale Dienstgeräte dauerhaft oder für einen längeren Zeitraum zur dienstlichen Verwendung innerhalb und außerhalb der Schule zugeordnet werden.") -> Beschaffung von mindestens (NR. 4 NOCH AUSZUFÜLLEN) schulgebundenen mobilen Endgeräten einschließlich erforderlichem Zubehör, die Lehrkräften sowie dem weiteren pädagogischen Personal als personenbezogene digitale Dienstgeräte dauerhaft oder für einen längeren Zeitraum zur dienstlichen Verwendung innerhalb und außerhalb der Schule zugeordnet werden.
A28: 3. | B28: Geändertes Sonderbudget Lehrerdienstgeräte
B29: Gerätezahl im Sonderbudget Lehrerdienstgeräte gemäß (geänderter) Anlage zur SoLD | H29: =IF($F$9="",0,IFERROR(VLOOKUP($F$9,tab_SATLISTE[],3,FALSE),"")) -> 0
B30: Budgetbetrag im Sonderbudget Lehrerdienstgeräte gemäß (geänderter) Anlage zur SoLD | H30: =IF($F$9="",0,IFERROR(VLOOKUP($F$9,tab_SATLISTE[],4,FALSE),"")) -> 0
B31: … dar. Verwaltungskostenpauschale gemäß (geänderter) Anlage zur SoLD von maximal | H31: =IF($F$9="",0,IFERROR(VLOOKUP($F$9,tab_SATLISTE[],5,FALSE),"")) -> 0
B32: Antragsgrenze gemäß (geänderter) Anlage zur SoLD | H32: =IF($F$9="",0,IFERROR(VLOOKUP($F$9,tab_SATLISTE[],6,FALSE),"")) -> 0
A34: 4. | B34: Gesamtbedarf an Lehrerdienstgeräten für die Neufestsetzung
B35: Bitte geben Sie hier den neuen Gesamtbedarf ein.
B36: Anzahl an Lehrerdienstgeräten (neuer Gesamtbedarf)
A38: 5. | B38: Beantragte staatliche Leistung im Sonderbudget Lehrerdienstgeräte
B39: Hiermit wird die Neufestsetzung der staatlichen Leistung aus dem "Sonderbudget Lehrerdienstgeräte (SoLD)" des Bayerischen Staatsministeriums für Unterricht und Kultus (Neufassung der KMBek vom 17.10.2022, Az. I.5-BS4400.27/390/416) durch Teilnahme an der ergänzenden Vollausstattungsrunde im Kalenderjahr 2022 gemäß Nr. 7.4 SoLD beantragt.
B40: Beantragte staatliche Leistung (neuer Gesamtbetrag nach Budgetbegrenzung) | H40: =IFERROR(H42*1000,"")
B41: … dar. (neue) Verwaltungskostenpauschale gemäß Nr. 6.4 SoLD in Höhe von bis zu | H41: =IFERROR(H42*250,"")
B42: (neue) Mindestgeräteanzahl gemäß Nr. 6.2 Satz 6 SoLD: | H42: =IFERROR(IF(STATISTIK!C152,IF($F$9="","TKZ fehlt",IF(H36="","Bedarf fehlt",MAX(SUM(H44:H45),MIN(H36,VLOOKUP(F9,tab_SATLISTE[],3,FALSE))))),""),"")
B43: Hiermit wird folgende Erhöhung der staatlichen Leistung im Rahmen der ergänzenden Vollausstattungsrunde im Kalenderjahr 2022 gemäß Nr. 7.4 SoLD beantragt:
B44: Erstbewilligung gemäß Nr. 7.2 SoLD ohne Nachbewilligungsrunde (Einheiten)*
B45: Ggf. Erhöhung in der Integrierten Nachbewilligungsrunde gemäß Nr. 7.3 SoLD (Einheiten)*
B46: Erhöhung in der ergänzenden Vollausstattungsrunde gemäß Nr. 7.4 SoLD (Einheiten) | H46: =IFERROR(IF(AND(STATISTIK!C152),IF($F$9="","TKZ fehlt",IF(H44="","",MAX(0,H42-SUM(H44:H45)))),""),"")
B47: * Eintragungen werden im Zuge der Bewilligung aus dem Datenbestand der Regierung ggf. korrigiert (Rotfärbung).
A49: 6. | B49: NUR bei Wechsel der Schulaufwandsträgerschaft auszufüllen (Geräteübergang)
B50: a) Weitergabe von Geräten an einen neuen Schulaufwandsträger (abgebender Schulaufwandsträger)
B51: Nur auszufüllen, sofern eine Schule, für die der Leistungsempfänger Geräte beschafft hat, zu einem anderen Schulaufwandsträger übergegangen ist und die Geräte (kostenfrei) weitergegeben wurden (abgebender Schulaufwandsträger).
B52: Schulnummer | C52: bisheriger Schulaufwandsträger | F52: neuer Schulaufwandsträger | H52: übergebene Geräte
C53: =IF(B53<>"",$F$9,"") | D53: =IFERROR(INDEX(tab_SATLISTE[Schulaufwandsträger],MATCH(C53,tab_SATLISTE[SAT-ID],0)),"") | G53: =IF(B53="","",IFERROR(INDEX(tab_SATLISTE[Schulaufwandsträger],MATCH(F53,tab_SATLISTE[SAT-ID],0)),"Bitte gültige TKZ eingeben!"))
C54: =IF(B54<>"",$F$9,"") | D54: =IFERROR(INDEX(tab_SATLISTE[Schulaufwandsträger],MATCH(C54,tab_SATLISTE[SAT-ID],0)),"") | G54: =IF(B54="","",IFERROR(INDEX(tab_SATLISTE[Schulaufwandsträger],MATCH(F54,tab_SATLISTE[SAT-ID],0)),"Bitte gültige TKZ eingeben!"))
C55: =IF(B55<>"",$F$9,"") | D55: =IFERROR(INDEX(tab_SATLISTE[Schulaufwandsträger],MATCH(C55,tab_SATLISTE[SAT-ID],0)),"") | G55: =IF(B55="","",IFERROR(INDEX(tab_SATLISTE[Schulaufwandsträger],MATCH(F55,tab_SATLISTE[SAT-ID],0)),"Bitte gültige TKZ eingeben!"))
B56: Der abgebende Antragsteller versichert, dass die Lehrerdienstgeräte in der angegebenen Anzahl an den neuen Schulaufwandsträger ohne Vergütung zur weiteren zweckentsprechenden Nutzung übergeben wurden und durch entsprechende vertragliche Vereinbarungen die Erfüllung des Leistungszwecks durch den neuen Schulaufwandträger sichergestellt ist. Der Leistungsempfänger ist ggü. der Bewilligungsbehörde weiterhin für die Einhaltung der Zweckbindungsfrist verantwortlich. Die Leistung für die übernommenen Geräte wird/wurde an den Antragsteller als bisherigen Schulaufwandsträger (Beschaffer) ausgezahlt, der auch den Verwendungsnachweis über diese Geräte führt. Der aufnehmende Schulaufwandsträger meldet die Geräte unter Buchstabe b).
B57: b) Weiternutzung von Geräten eines anderen Schulaufwandsträgers (aufnehmender Schulaufwandsträger)
B58: Nur auszufüllen, sofern der Antragsteller die Schulaufwandsträgerschaft einer Schule übernommen hat und von einem anderen Leistungsempfänger beschaffte Geräte (kostenfrei) zur Weiternutzung übernommen hat (aufnehmender Schulaufwandsträger).
B59: Schulnummer | C59: bisheriger Schulaufwandsträger | F59: neuer Schulaufwandsträger | H59: übernommene Geräte
D60: =IF(B60="","",IFERROR(INDEX(tab_SATLISTE[Schulaufwandsträger],MATCH(C60,tab_SATLISTE[SAT-ID],0)),"Bitte gültige TKZ eingeben!")) | F60: =IF(B60<>"",$F$9,"") | G60: =IFERROR(INDEX(tab_SATLISTE[Schulaufwandsträger],MATCH(F60,tab_SATLISTE[SAT-ID],0)),"")
D61: =IF(B61="","",IFERROR(INDEX(tab_SATLISTE[Schulaufwandsträger],MATCH(C61,tab_SATLISTE[SAT-ID],0)),"Bitte gültige TKZ eingeben!")) | F61: =IF(B61<>"",$F$9,"") | G61: =IFERROR(INDEX(tab_SATLISTE[Schulaufwandsträger],MATCH(F61,tab_SATLISTE[SAT-ID],0)),"")
D62: =IF(B62="","",IFERROR(INDEX(tab_SATLISTE[Schulaufwandsträger],MATCH(C62,tab_SATLISTE[SAT-ID],0)),"Bitte gültige TKZ eingeben!")) | F62: =IF(B62<>"",$F$9,"") | G62: =IFERROR(INDEX(tab_SATLISTE[Schulaufwandsträger],MATCH(F62,tab_SATLISTE[SAT-ID],0)),"")
B63: Der aufnehmende Antragsteller versichert, dass er Lehrerdienstgeräte in der angegebenen Anzahl von einem anderen Schulaufwandsträger ohne Vergütung zur weiteren zweckentsprechenden Nutzung erhalten hat. Der Leistungsempfänger übernimmt die Rechte und Pflichten aus der staatlichen Leistung und verpflichtet sich inbesondere zur Erfüllung des Leistungszwecks bis zum Ablauf der Zweckbindungsfrist. Die Leistung wird/wurde an den bisherigen Schulaufwandsträger (Beschaffer) ausgezahlt, der auch den Verwendungsnachweis über diese Geräte führt. Der abgebende Schulaufwandsträger meldet die Geräte unter Buchstabe a).
B64: c) Beantragte staatliche Leistung NACH Berücksichtigung der Geräteweitergabe
B65: Beantragte staatliche Leistung (nach Geräteübergang) | H65: =IF(H67="","",1000*H67) -> 0
B66: … dar. (neue) Verwaltungskostenpauschale gemäß Nr. 6.4 SoLD in Höhe von bis zu | H66: =IF(H67="","",250*H67) -> 0
B67: Mindestgeräteanzahl gemäß Nr. 6.2 Satz 6 SoLD (nach Geräteübergang): | H67: =IFERROR(MAX(SUM(H44:H45),MIN(H36,VLOOKUP(F9,tab_SATLISTE[],3,FALSE))+SUM(H53:H55)-SUM(H60:H62)),0) -> 0
B68: Zusätzliche Gerätezahl (nach Geräteübergang) | H68: =IFERROR(IF(AND(STATISTIK!C152),IF($F$9="","TKZ fehlt",IF(H44="","",MAX(H67-SUM(H44:H45)))),""),"")
A70: 7. | B70: Mittelabruf
B71: Die Auszahlung des Erhöhungsbetrags für die staatliche Leistung erfolgt gemäß den Angaben im ursprünglichen Leistungsantrag. Im Falle der Sofortauszahlung nimmt der Antragsteller zur Kenntnis, dass nicht für Maßnahmen gemäß SoLD eingesetzte Mittel auf Anforderung der Regierung ohne Verzinsung zurückzuzahlen sind. Liegt kein Antrag auf Sofortauszahlung vor, erfolgt die Auszahlung der Leistung nach abgeschlossener Verwendungsnachweisprüfung. Anträge auf Auszahlung können nachgereicht werden.
A73: 8. | B73: Zuwendungen aus anderen Programmen
B74: Der Antragsteller versichert, dass auch unter Einschluss der Neufestsetzung der staatlichen Leistung gemäß SoLD die beschafften IT-Ausstattungsgegenstände nicht zusätzlich aus Förderprogrammen des Bundes, der Europäischen Union (EU) oder aus Haushaltsmitteln des Freistaats Bayern gefördert wurden oder werden und auch künftig keine zusätzliche Förderung beantragt wird.
A76: 9. | B76: Maßnahmebeginn
B77: Der Antragsteller erklärt, dass auch unter Einschluss der Neufestsetzung der staatlichen Leistung gemäß SoLD die Maßnahmen nicht vor dem 23.07.2020 durch Abschluss eines rechtsverbindlichen Leistungs- oder Liefervertrags begonnen bzw. dass Leistungen ausschließlich für selbstständige, fachlich trennbare Abschnitte einer laufenden Investitionsmaßnahme beantragt werden, die nicht vor dem 23.07.2020 begonnen wurden.
A79: 10. | B79: Abdruck für Rechtsaufsichtsbehörde
B80: Für kommunale Schulaufwandsträger: Der Antragsteller erklärt, dass er der Rechtsaufsichtsbehörde einen Abdruck des Antrags auf Neufestsetzung der staatlichen Leistung gemäß SoLD übermittelt hat, soweit diese nicht selbst Bewilligungsbehörde ist.
A82: 11. | B82: Versicherungen des Leistungsempfängers
B83: Der Antragsteller erklärt, dass sämtliche im ursprünglichen Leistungsantrag unter Nr. 11 abgegebenen Versicherungen auch für die Maßnahmen nach diesem Antrag uneingeschränkt gelten. Er erklärt, dass (1) die Mittel wirtschaftlich und sparsam verwendet werden, (2) die Maßgaben an den Leistungszweck und die Voraussetzungen an die Berücksichtigungsfähigkeit, insb. die technischen Mindestkriterien in Bezug auf die CPU/Systemleistung sowie das Display auf Basis der im „Votum - Empfehlungen zur IT-Ausstattung von Schulen“ festgelegten Mindestwerte, eingehalten werden, (3) die beschafften Geräte den Schulen zur unentgeltlichen Nutzung als Teil des Schulvermögens überlassen werden und (4) nicht berücksichtigungsfähige Ausgaben durch den Antragsteller übernommen werden.
B84: Der Antragsteller verpflichtet sich bei Teilnahme an der ergänzenden Vollausstattungsrunde zur Erbringung einer Zwischenbilanz zum Nachweis für die erste Antragsrunde (Auflage im neuen Bescheid). Dafür ist durch Fortschreibung der elektronischen Projektmappe zum Stichtag 31.12.2022 je einbezogener Schule über Art und Anzahl der beschafften Lehrerdienstgeräte und sonstige investive Maßnahmen, Art der Beschaffung, durch rechtsverbindliche Leistungs- und Lieferverträge gebundene Mittel, Zeitpunkt der Auftragsvergabe, geleistete Zahlungen bzw. fällige Rechnungen und Zeitpunkt der Rechnungsstellung zu berichten (vgl. Tabellenblatt [Maßnahmendurchführung]). Der Antragsteller versichert, die Zwischenbilanz der Regierung als Bewilligungsbehörde unaufgefordert bis spätestens zum 31. März 2023 vorzulegen.
B85: Für die Vorlage der Zwsichenbilanz wird für die Investitionsmaßnahmen der ersten Antragsrunde unter Einschluss der bis zum Stichtag 31.12.2022 getätigten Aufträge und Vetragsabschlüsse in Kenntnis der strafrechtlichen Bedeutung unvollständiger oder falscher Angaben versichert, dass (1) die in der Zwischenbilanz nachgewiesenen Einnahmen und Ausgaben nach den Rechnungsunterlagen im Zusammenhang mit dem Vorhaben angefallen sind, (2) nicht berücksichtigungsfähige Beträge, Rückforderungen und Rückzahlungen abgesetzt werden, (3) die staatliche Leistung ausschließlich zur Erfüllung des im Bescheid näher bezeichneten Leistungszwecks verwendet wird, (4) die im Bescheid einschließlich der dort enthaltenen Nebenbestimmungen genannten Bedingungen und Auflagen eingehalten werden.
B86: Dem Antragsteller ist bekannt, dass für Beschaffungen in der ergänzenden Vollausstattungsrunde die Regelungen der Verordnung (EU) 833/2014, geändert durch die Verordnung (EU) 2022/576 des Rates vom 08.04.2022, über restriktive Maßnahmen angesichts der Handlungen Russlands, die die Lage in der Ukraine destabilisieren („Sanktions-VO“), zu beachten sind (Auflage im neuen Bescheid). Aufträge oder Konzessionen, die zur Erfüllung der Zuwendungszwecke vergeben werden, sind für alle Leistungsempfänger wie öffentliche Aufträge und Konzessionen im Sinne des Artikels 5k dieser Verordnung zu behandeln. Die Regelungen sind für alle Aufträge ab dem dritten Tag nach Versand des Schreibens I.7-BS4400.27/390/180, also ab dem 20. August 2022 einzuhalten. Auf das ab 11.10.2022 greifende Vertragserfüllungsverbot gem. Art. 5k Abs. 4 der Sanktions-VO für bereits zuvor erteilte Aufträge wird hingewiesen.
B87: Dem Antragsteller ist bekannt, dass die staatliche Leistung im Fall einer zweckwidrigen Verwendung der Rückforderung und Verzinsung unterliegt.
B88: Der Antragsteller erklärt, dass die in diesem Antrag auf Neufestsetzung der staatlichen Leistung gemachten Angaben vollständig und richtig sind.
B89: =IF(STATISTIK!C128=FALSE,"ACHTUNG: Bitte vervollständigen Sie den Gesamtbedarf und/oder die Erstbewilligung (ohne Nachbewilligungsrunde!","") -> ACHTUNG: Bitte vervollständigen Sie den Gesamtbedarf und/oder die Erstbewilligung (ohne Nachbewilligungsrunde!
B90: =IF(STATISTIK!D113=FALSE,"ACHTUNG: Erklärung zu anderen Fördermitteln/zum Maßnahmebeginn fehlen. Bitte vervollständigen Sie vor Einreichung!","") -> ACHTUNG: Erklärung zu anderen Fördermitteln/zum Maßnahmebeginn fehlen. Bitte vervollständigen Sie vor Einreichung!
B91: =IF(STATISTIK!D115=FALSE,"ACHTUNG: Die Versicherungen unter Nr. 11 fehlen. Bitte vervollständigen Sie die erforderlichen Versicherungen!","") -> ACHTUNG: Die Versicherungen unter Nr. 11 fehlen. Bitte vervollständigen Sie die erforderlichen Versicherungen!
B92: =IF(AND(STATISTIK!C122,STATISTIK!C123)=FALSE,"ACHTUNG: Versicherung zum Geräteübergang fehlt. Bitte vervollständigen Sie die erforderlichen Erklärungen vor Einreichung!","")
B93: =IF(STATISTIK!C127=FALSE,"ACHTUNG: Bitte den Antrag vor Übersendung vollständig unterzeichnen!","") -> ACHTUNG: Bitte den Antrag vor Übersendung vollständig unterzeichnen!
C94: , den | F94: Bitte hier zeichnen
B95: Ort | D95: Datum | F95: Unterschrift durch die/den Zeichnungsberechtigte/n

Sheet SATLISTE
A1: =SUMPRODUCT(1*(A3:A5000<>"")) -> 2549 | C1: =SUBTOTAL(9,tab_SATLISTE[Gerätezahl]) -> 147347 | D1: =SUBTOTAL(9,tab_SATLISTE[Sonderbudget]) -> 147347000 | E1: =SUBTOTAL(9,tab_SATLISTE[Pauschale]) -> 36836750 | F1: =SUBTOTAL(9,tab_SATLISTE[Antragsgrenze]) -> 147347
A2: SAT-ID | B2: Schulaufwandsträger | C2: Gerätezahl | D2: Sonderbudget | E2: Pauschale | F2: Antragsgrenze | G2: RBZ
A3: 4p022 | B3: Erzdiözese Bamberg | C3: 140 | D3: 140000 | E3: 35000 | F3: 140 | G3: =IF(MID(tab_SATLISTE[[#This Row],[SAT-ID]],2,1)="x","x",LEFT(tab_SATLISTE[[#This Row],[SAT-ID]])) -> 4 | H3: =IF(tab_SATLISTE[[#This Row],[SAT-ID]]="","",IF(MID(tab_SATLISTE[[#This Row],[SAT-ID]],2,1)="x","Freistaat Bayern",INDEX(bezirke,LEFT(tab_SATLISTE[[#This Row],[SAT-ID]],1))& " - "& IF(MID(tab_SATLISTE[[#This Row],[SAT-ID]],2,1)="k","kommunal","privat"))) -> Oberfranken - privat
A4: 1k277 | B4: München, Landeshauptstadt, Kreisfreie Stadt | C4: 12626 | D4: 12626000 | E4: 3156500 | F4: 12626 | G4: =IF(MID(tab_SATLISTE[[#This Row],[SAT-ID]],2,1)="x","x",LEFT(tab_SATLISTE[[#This Row],[SAT-ID]])) -> 1 | H4: =IF(tab_SATLISTE[[#This Row],[SAT-ID]]="","",IF(MID(tab_SATLISTE[[#This Row],[SAT-ID]],2,1)="x","Freistaat Bayern",INDEX(bezirke,LEFT(tab_SATLISTE[[#This Row],[SAT-ID]],1))& " - "& IF(MID(tab_SATLISTE[[#This Row],[SAT-ID]],2,1)="k","kommunal","privat"))) -> Oberbayern - kommunal
A5: 3p018 | B5: Gesellschaft für Erwachsenenbildung e.V., Regensburg | C5: 10 | D5: 10000 | E5: 2500 | F5: 10 | G5: =IF(MID(tab_SATLISTE[[#This Row],[SAT-ID]],2,1)="x","x",LEFT(tab_SATLISTE[[#This Row],[SAT-ID]])) -> 3 | H5: =IF(tab_SATLISTE[[#This Row],[SAT-ID]]="","",IF(MID(tab_SATLISTE[[#This Row],[SAT-ID]],2,1)="x","Freistaat Bayern",INDEX(bezirke,LEFT(tab_SATLISTE[[#This Row],[SAT-ID]],1))& " - "& IF(MID(tab_SATLISTE[[#This Row],[SAT-ID]],2,1)="k","kommunal","privat"))) -> Oberpfalz - privat
A6: 6p024 | B6: Fränkische Akademie für Sprache und Kommunikation und berufliche Fortbildung e.V. | C6: 14 | D6: 14000 | E6: 3500 | F6: 14 | G6: =IF(MID(tab_SATLISTE[[#This Row],[SAT-ID]],2,1)="x","x",LEFT(tab_SATLISTE[[#This Row],[SAT-ID]])) -> 6 | H6: =IF(tab_SATLISTE[[#This Row],[SAT-ID]]="","",IF(MID(tab_SATLISTE[[#This Row],[SAT-ID]],2,1)="x","Freistaat Bayern",INDEX(bezirke,LEFT(tab_SATLISTE[[#This Row],[SAT-ID]],1))& " - "& IF(MID(tab_SATLISTE[[#This Row],[SAT-ID]],2,1)="k","kommunal","privat"))) -> Unterfranken - privat
A7: 5p026 | B7: Fränkische Akademie e.V. | C7: 36 | D7: 36000 | E7: 9000 | F7: 36 | G7: =IF(MID(tab_SATLISTE[[#This Row],[SAT-ID]],2,1)="x","x",LEFT(tab_SATLISTE[[#This Row],[SAT-ID]])) -> 5 | H7: =IF(tab_SATLISTE[[#This Row],[SAT-ID]]="","",IF(MID(tab_SATLISTE[[#This Row],[SAT-ID]],2,1)="x","Freistaat Bayern",INDEX(bezirke,LEFT(tab_SATLISTE[[#This Row],[SAT-ID]],1))& " - "& IF(MID(tab_SATLISTE[[#This Row],[SAT-ID]],2,1)="k","kommunal","privat"))) -> Mittelfranken - privat
A8: 1k050 | B8: Berchtesgadener Land, Landkreis | C8: 359 | D8: 359000 | E8: 89750 | F8: 359 | G8: =IF(MID(tab_SATLISTE[[#This Row],[SAT-ID]],2,1)="x","x",LEFT(tab_SATLISTE[[#This Row],[SAT-ID]])) -> 1 | H8: =IF(tab_SATLISTE[[#This Row],[SAT-ID]]="","",IF(MID(tab_SATLISTE[[#This Row],[SAT-ID]],2,1)="x","Freistaat Bayern",INDEX(bezirke,LEFT(tab_SATLISTE[[#This Row],[SAT-ID]],1))& " - "& IF(MID(tab_SATLISTE[[#This Row],[SAT-ID]],2,1)="k","kommunal","privat"))) -> Oberbayern - kommunal
A9: 1k481 | B9: Weilheim-Schongau, Landkreis | C9: 703 | D9: 703000 | E9: 175750 | F9: 703 | G9: =IF(MID(tab_SATLISTE[[#This Row],[SAT-ID]],2,1)="x","x",LEFT(tab_SATLISTE[[#This Row],[SAT-ID]])) -> 1 | H9: =IF(tab_SATLISTE[[#This Row],[SAT-ID]]="","",IF(MID(tab_SATLISTE[[#This Row],[SAT-ID]],2,1)="x","Freistaat Bayern",INDEX(bezirke,LEFT(tab_SATLISTE[[#This Row],[SAT-ID]],1))& " - "& IF(MID(tab_SATLISTE[[#This Row],[SAT-ID]],2,1)="k","kommunal","privat"))) -> Oberbayern - kommunal
A10: 1k442 | B10: Traunstein, Landkreis | C10: 773 | D10: 773000 | E10: 193250 | F10: 773 | G10: =IF(MID(tab_SATLISTE[[#This Row],[SAT-ID]],2,1)="x","x",LEFT(tab_SATLISTE[[#This Row],[SAT-ID]])) -> 1 | H10: =IF(tab_SATLISTE[[#This Row],[SAT-ID]]="","",IF(MID(tab_SATLISTE[[#This Row],[SAT-ID]],2,1)="x","Freistaat Bayern",INDEX(bezirke,LEFT(tab_SATLISTE[[#This Row],[SAT-ID]],1))& " - "& IF(MID(tab_SATLISTE[[#This Row],[SAT-ID]],2,1)="k","kommunal","privat"))) -> Oberbayern - kommunal
A11: 1p082 | B11: Gemeinützige Gesellschaft Dr. Kalscheuer mbH | C11: 58 | D11: 58000 | E11: 14500 | F11: 58 | G11: =IF(MID(tab_SATLISTE[[#This Row],[SAT-ID]],2,1)="x","x",LEFT(tab_SATLISTE[[#This Row],[SAT-ID]])) -> 1 | H11: =IF(tab_SATLISTE[[#This Row],[SAT-ID]]="","",IF(MID(tab_SATLISTE[[#This Row],[SAT-ID]],2,1)="x","Freistaat Bayern",INDEX(bezirke,LEFT(tab_SATLISTE[[#This Row],[SAT-ID]],1))& " - "& IF(MID(tab_SATLISTE[[#This Row],[SAT-ID]],2,1)="k","kommunal","privat"))) -> Oberbayern - privat
A12: 1p184 | B12: Private Oberlandschulen e.V. | C12: 27 | D12: 27000 | E12: 6750 | F12: 27 | G12: =IF(MID(tab_SATLISTE[[#This Row],[SAT-ID]],2,1)="x","x",LEFT(tab_SATLISTE[[#This Row],[SAT-ID]])) -> 1 | H12: =IF(tab_SATLISTE[[#This Row],[SAT-ID]]="","",IF(MID(tab_SATLISTE[[#This Row],[SAT-ID]],2,1)="x","Freistaat Bayern",INDEX(bezirke,LEFT(tab_SATLISTE[[#This Row],[SAT-ID]],1))& " - "& IF(MID(tab_SATLISTE[[#This Row],[SAT-ID]],2,1)="k","kommunal","privat"))) -> Oberbayern - privat
A13: 1p224 | B13: Verein der neuen Jazzschool München e.V. | C13: 19 | D13: 19000 | E13: 4750 | F13: 19 | G13: =IF(MID(tab_SATLISTE[[#This Row],[SAT-ID]],2,1)="x","x",LEFT(tab_SATLISTE[[#This Row],[SAT-ID]])) -> 1 | H13: =IF(tab_SATLISTE[[#This Row],[SAT-ID]]="","",IF(MID(tab_SATLISTE[[#This Row],[SAT-ID]],2,1)="x","Freistaat Bayern",INDEX(bezirke,LEFT(tab_SATLISTE[[#This Row],[SAT-ID]],1))& " - "& IF(MID(tab_SATLISTE[[#This Row],[SAT-ID]],2,1)="k","kommunal","privat"))) -> Oberbayern - privat
A14: 1p062 | B14: Franziskuswerk Schönbrunn gGmbH | C14: 134 | D14: 134000 | E14: 33500 | F14: 134 | G14: =IF(MID(tab_SATLISTE[[#This Row],[SAT-ID]],2,1)="x","x",LEFT(tab_SATLISTE[[#This Row],[SAT-ID]])) -> 1 | H14: =IF(tab_SATLISTE[[#This Row],[SAT-ID]]="","",IF(MID(tab_SATLISTE[[#This Row],[SAT-ID]],2,1)="x","Freistaat Bayern",INDEX(bezirke,LEFT(tab_SATLISTE[[#This Row],[SAT-ID]],1))& " - "& IF(MID(tab_SATLISTE[[#This Row],[SAT-ID]],2,1)="k","kommunal","privat"))) -> Oberbayern - privat
... A2551: 4x912 | B2551: Freistaat Bayern - Studienkolleg bei den Fachhochschulen des Freistaates Bayern in Coburg | C2551: 9 | D2551: 9000 | E2551: 2250 | F2551: 9 | G2551: =IF(MID(tab_SATLISTE[[#This Row],[SAT-ID]],2,1)="x","x",LEFT(tab_SATLISTE[[#This Row],[SAT-ID]])) -> x | H2551: =IF(tab_SATLISTE[[#This Row],[SAT-ID]]="","",IF(MID(tab_SATLISTE[[#This Row],[SAT-ID]],2,1)="x","Freistaat Bayern",INDEX(bezirke,LEFT(tab_SATLISTE[[#This Row],[SAT-ID]],1))& " - "& IF(MID(tab_SATLISTE[[#This Row],[SAT-ID]],2,1)="k","kommunal","privat"))) -> Freistaat Bayern
G2552: =IF(MID(tab_SATLISTE[[#This Row],[SAT-ID]],2,1)="x","x",LEFT(tab_SATLISTE[[#This Row],[SAT-ID]])) | H2552: =IF(tab_SATLISTE[[#This Row],[SAT-ID]]="","",IF(MID(tab_SATLISTE[[#This Row],[SAT-ID]],2,1)="x","Freistaat Bayern",INDEX(bezirke,LEFT(tab_SATLISTE[[#This Row],[SAT-ID]],1))& " - "& IF(MID(tab_SATLISTE[[#This Row],[SAT-ID]],2,1)="k","kommunal","privat")))
G2553: =IF(MID(tab_SATLISTE[[#This Row],[SAT-ID]],2,1)="x","x",LEFT(tab_SATLISTE[[#This Row],[SAT-ID]])) | H2553: =IF(tab_SATLISTE[[#This Row],[SAT-ID]]="","",IF(MID(tab_SATLISTE[[#This Row],[SAT-ID]],2,1)="x","Freistaat Bayern",INDEX(bezirke,LEFT(tab_SATLISTE[[#This Row],[SAT-ID]],1))& " - "& IF(MID(tab_SATLISTE[[#This Row],[SAT-ID]],2,1)="k","kommunal","privat")))
G2554: =IF(MID(tab_SATLISTE[[#This Row],[SAT-ID]],2,1)="x","x",LEFT(tab_SATLISTE[[#This Row],[SAT-ID]])) | H2554: =IF(tab_SATLISTE[[#This Row],[SAT-ID]]="","",IF(MID(tab_SATLISTE[[#This Row],[SAT-ID]],2,1)="x","Freistaat Bayern",INDEX(bezirke,LEFT(tab_SATLISTE[[#This Row],[SAT-ID]],1))& " - "& IF(MID(tab_SATLISTE[[#This Row],[SAT-ID]],2,1)="k","kommunal","privat")))
G2555: =IF(MID(tab_SATLISTE[[#This Row],[SAT-ID]],2,1)="x","x",LEFT(tab_SATLISTE[[#This Row],[SAT-ID]])) | H2555: =IF(tab_SATLISTE[[#This Row],[SAT-ID]]="","",IF(MID(tab_SATLISTE[[#This Row],[SAT-ID]],2,1)="x","Freistaat Bayern",INDEX(bezirke,LEFT(tab_SATLISTE[[#This Row],[SAT-ID]],1))& " - "& IF(MID(tab_SATLISTE[[#This Row],[SAT-ID]],2,1)="k","kommunal","privat")))
G2556: =IF(MID(tab_SATLISTE[[#This Row],[SAT-ID]],2,1)="x","x",LEFT(tab_SATLISTE[[#This Row],[SAT-ID]])) | H2556: =IF(tab_SATLISTE[[#This Row],[SAT-ID]]="","",IF(MID(tab_SATLISTE[[#This Row],[SAT-ID]],2,1)="x","Freistaat Bayern",INDEX(bezirke,LEFT(tab_SATLISTE[[#This Row],[SAT-ID]],1))& " - "& IF(MID(tab_SATLISTE[[#This Row],[SAT-ID]],2,1)="k","kommunal","privat")))
G2557: =IF(MID(tab_SATLISTE[[#This Row],[SAT-ID]],2,1)="x","x",LEFT(tab_SATLISTE[[#This Row],[SAT-ID]])) | H2557: =IF(tab_SATLISTE[[#This Row],[SAT-ID]]="","",IF(MID(tab_SATLISTE[[#This Row],[SAT-ID]],2,1)="x","Freistaat Bayern",INDEX(bezirke,LEFT(tab_SATLISTE[[#This Row],[SAT-ID]],1))& " - "& IF(MID(tab_SATLISTE[[#This Row],[SAT-ID]],2,1)="k","kommunal","privat")))
G2558: =IF(MID(tab_SATLISTE[[#This Row],[SAT-ID]],2,1)="x","x",LEFT(tab_SATLISTE[[#This Row],[SAT-ID]])) | H2558: =IF(tab_SATLISTE[[#This Row],[SAT-ID]]="","",IF(MID(tab_SATLISTE[[#This Row],[SAT-ID]],2,1)="x","Freistaat Bayern",INDEX(bezirke,LEFT(tab_SATLISTE[[#This Row],[SAT-ID]],1))& " - "& IF(MID(tab_SATLISTE[[#This Row],[SAT-ID]],2,1)="k","kommunal","privat")))
G2559: =IF(MID(tab_SATLISTE[[#This Row],[SAT-ID]],2,1)="x","x",LEFT(tab_SATLISTE[[#This Row],[SAT-ID]])) | H2559: =IF(tab_SATLISTE[[#This Row],[SAT-ID]]="","",IF(MID(tab_SATLISTE[[#This Row],[SAT-ID]],2,1)="x","Freistaat Bayern",INDEX(bezirke,LEFT(tab_SATLISTE[[#This Row],[SAT-ID]],1))& " - "& IF(MID(tab_SATLISTE[[#This Row],[SAT-ID]],2,1)="k","kommunal","privat")))
G2560: =IF(MID(tab_SATLISTE[[#This Row],[SAT-ID]],2,1)="x","x",LEFT(tab_SATLISTE[[#This Row],[SAT-ID]])) | H2560: =IF(tab_SATLISTE[[#This Row],[SAT-ID]]="","",IF(MID(tab_SATLISTE[[#This Row],[SAT-ID]],2,1)="x","Freistaat Bayern",INDEX(bezirke,LEFT(tab_SATLISTE[[#This Row],[SAT-ID]],1))& " - "& IF(MID(tab_SATLISTE[[#This Row],[SAT-ID]],2,1)="k","kommunal","privat")))
G2561: =IF(MID(tab_SATLISTE[[#This Row],[SAT-ID]],2,1)="x","x",LEFT(tab_SATLISTE[[#This Row],[SAT-ID]])) | H2561: =IF(tab_SATLISTE[[#This Row],[SAT-ID]]="","",IF(MID(tab_SATLISTE[[#This Row],[SAT-ID]],2,1)="x","Freistaat Bayern",INDEX(bezirke,LEFT(tab_SATLISTE[[#This Row],[SAT-ID]],1))& " - "& IF(MID(tab_SATLISTE[[#This Row],[SAT-ID]],2,1)="k","kommunal","privat")))
G2562: =IF(MID(tab_SATLISTE[[#This Row],[SAT-ID]],2,1)="x","x",LEFT(tab_SATLISTE[[#This Row],[SAT-ID]])) | H2562: =IF(tab_SATLISTE[[#This Row],[SAT-ID]]="","",IF(MID(tab_SATLISTE[[#This Row],[SAT-ID]],2,1)="x","Freistaat Bayern",INDEX(bezirke,LEFT(tab_SATLISTE[[#This Row],[SAT-ID]],1))& " - "& IF(MID(tab_SATLISTE[[#This Row],[SAT-ID]],2,1)="k","kommunal","privat")))

Sheet STATISTIK
A1: Wird automatisch ausgefüllt (nicht veränderbar)
A6: RICHTLINIE Sonderbudget Lehrerdienstgeräte | B6: Gerätezahl | C6: =IFERROR(VLOOKUP(Antrag_SoLD_2_0!$F$9,tab_SATLISTE[],3,FALSE),"")
B7: Sonderbudget Lehrerdienstgeräte | C7: =IFERROR(VLOOKUP(Antrag_SoLD_2_0!$F$9,tab_SATLISTE[],4,FALSE),"")
B8: … darunter Verwaltungskostenpauschale | C8: =IFERROR(VLOOKUP(Antrag_SoLD_2_0!$F$9,tab_SATLISTE[],5,FALSE),"")
B9: Antragsgrenze | C9: =IFERROR(VLOOKUP(Antrag_SoLD_2_0!$F$9,tab_SATLISTE[],6,FALSE),"")
A10: ANTRAG | B10: Beantragte Geräte (Erstbewilligung) | C10: =Antrag_SoLD_2_0!H42
B11: Beantragte staatliche Leistung (Erstbewilligung) | C11: =Antrag_SoLD_2_0!H40
B12: Beantragte Geräte (Nachbewilligungsrunden) | C12: =IF(Antrag_SoLD_2_0!H46>0,Antrag_SoLD_2_0!H46,"Keine Teilnahme")
B13: Beantragte staatliche Leistung (Nachbewilligungsrunden) | C13: =Antrag_SoLD_2_0!H44 -> 0
B14: Elektronische Übermittlung? | C14: FALSE
A15: ERST- BEWILLIGUNG | B15: Bewilligte Geräte | C15: =C10 | D15: (ggf. überschreiben)
B16: Bewilligte Zuwendung | C16: =C11 | D16: (ggf. überschreiben)
B17: Auszahlung mit Erstbewilligung | C17: =IFERROR(IF(AND(C147=TRUE,C148=TRUE),C16,0),"") -> 0
A18: ERSTE NACH- BEWILLIGUNG | B18: Zusätzlich bewilligte Geräte
B19: Zusätzlich bewilligte staatliche Leistung | C19: =IF(C18>0,C18*1000,0) -> 0
B20: Auszahlung mit Nachbewilligung | C20: =IF(C19>0,IF(AND(C147=TRUE,C148=TRUE),C19,0),0) -> 0
A21: ZWEITE NACH- BEWILLIGUNG | B21: Zusätzlich bewilligte Geräte
B22: Zusätzlich bewilligte staatliche Leistung | C22: =IF(C21>0,C21*1000,0) -> 0
B23: Auszahlung mit Nachbewilligung | C23: =IF(C22>0,IF(AND(C147=TRUE,C148=TRUE),C22,0),0) -> 0
A24: GESAMT-BEWILLIGUNG | B24: Insgesamt bewilligte Geräte | C24: =SUM(C15,C18,C21) -> 0
B25: Insgesamt bewilligte staatliche Leistung | C25: =SUM(C16,C19,C22) -> 0
B26: Auszahlung gesamt bisher | C26: =SUM(C17,C20,C23) -> 0 | D26: Abrechnungsdatum
A27: ABRECHNUNG | B27: =CONCATENATE("Zwischen 23.07.2020 und ",DAY(Abrechnungsdatum),".",MONTH(Abrechnungsdatum),".",YEAR(Abrechnungsdatum)," beauftragte Lehrerdienstgeräte …") -> Zwischen 23.07.2020 und 31.12.2021 beauftragte Lehrerdienstgeräte … | C27: =SUMIFS(MD_Anzahl,MD_Gegenstand,$B$91,MD_Auftragsdatum,">22.07.2020",MD_Auftragsdatum,"<="&Abrechnungsdatum)+SUMIFS(MD_Anzahl,MD_Gegenstand,$B$92,MD_Auftragsdatum,">22.07.2020",MD_Auftragsdatum,"<="&Abrechnungsdatum) -> #REF! | D27: 44561
B28: … lt. Verträgen ingesamt entstehende berücksichtigungsfähige Kosten | C28: =SUMIFS(MD_Auftragswert,MD_Auftragsdatum,">22.07.2020",MD_Auftragsdatum,"<="&Abrechnungsdatum) -> #REF!
A29: MASSNAHMEN-DURCHFÜHRUNG | B29: Insgesamt bei Maßnahmendurchführung entstandene Kosten | C29: =SUM(MD_Ausgaben_ges) -> #REF!
B30: … davon laut Antragsteller grundsätzlich berücksichtigungsfähig | C30: =SUM(MD_Ausgaben_zuw) -> #REF!
A31: VERWENDUNGS-NACHWEIS-PRÜFUNG | B31: Berücksichtigungsfähige Geräteeinheiten nach Prüfung | C31: =SUM(A100,A101) -> #REF! | D31: Prüfung bestätigt?
B32: … damit maximal auszahlbare staatliche Leistung | C32: =MIN(C31,C24)*1000 -> #REF! | D32: =IF(#REF!="durchgeführt","ja","nein") -> #REF!
B33: … darunter maximal auszahlbare Verwaltungskostenpauschale | C33: =IFERROR(IF(D34="x",0,C32/4),"") | D33: Trägerart
B34: Nach Prüfung berücksichtigungsfähige investive Kosten | C34: =IF($D$32="ja",SUM(PR_Ausgaben),0) -> #REF! | D34: =MID(Antrag_SoLD_2_0!F9,2,1)
B35: Tatsächlich auszahlbare staatliche Leistung insgesamt | C35: =MIN(C32,C25,SUM(C34,C37)) -> #REF!
B36: … dadurch auszahlbarer investiver Anteil | C36: =C35-C37 -> #REF! | D36: =IFERROR(C36/C35,"")
B37: … dadurch auszahlbare Verwaltungskostenpauschale | C37: =MIN(C33,MAX(0,C32-C34)) -> #REF! | D37: =IFERROR(C37/C35,"")
B38: … damit berücksichtigungsfähige Eigenmittel des Schulaufwandsträgers | C38: =IFERROR(MAX(0,C34-SUM(C26,C39)),"FEHLER") -> FEHLER
B39: Schlussrate / Rückzahlung | C39: =MIN(C35,C25)-C26 -> #REF!
A43: RBZ | B43: Regierungsbezirk
A44: 1 | B44: Oberbayern
A45: 2 | B45: Niederbayern
A46: 3 | B46: Oberpfalz
A47: 4 | B47: Oberfranken
A48: 5 | B48: Mittelfranken
A49: 6 | B49: Unterfranken
A50: 7 | B50: Schwaben
A51: Träger | B51: kommunal/privat
A52: k | B52: kommunal
A53: p | B53: privat
A55: Nr. 2 f) cc) dBIR | B55: Schulart gemäß BayEUG Art. 6 (2)
B56: allgemeinbildend
B57: beruflich
B58: Schulen für Kranke
A59: Anmerkung: | B59: Allgemeinbildende Schulen nach Art. 6 (2) BayEUG Ziffern 1 und 3 sind: GS, MS, RS, GY, Schulen des zweiten Bildungswegs (Abend-RS, Abend-GY, Kolleg) sowie die entsprechenden Schulen zur sonderpädagogischen Förderung. Berufliche Schulen nach Art. 6 (2) BayEUG Ziffern 2 und 3 sind: BS, BFS, BFG, WS, FS, FOS, BOS, FAK sowie die entsprechenden Schulen zur sonderpädagogischen Förderung. Weder zu den allgemeinbildenden noch zu den beruflichen Schulen gehören gemäß Art. 6 (2) Ziffer 4 die Schulen für Kranke.
A60: Nr. 4 Satz 4 dBIR | B60: Status vorangegangener Anträge (bereits bewilligte bzw. abgeschlossene Maßnahmen)
B61: bewilligt
B62: abgeschlossen
A63: Nr. 2 dBIR | B63: Maßnahme dem Grunde nach zuwendungsfähig?
B64: ja
B65: nein
B66: teilweise
A67: Nr. 4 Satz 4 dBIR | B67: selbstständiger Abschnitt einer vor dem 17.05.2019 begonnenen Maßnahme (gemäß dBIR Nr. 4 Satz 4)
B68: nein
B69: ja
A70: Nr. 5.3 b) dBIR | B70: Kauf oder Miete / Leasing?
B71: Kauf
B72: Miete / Leasing
A73: Nr. 7.1 f) dBIR | B73: Versicherung des Antragstellers, dass für die Schule, an der die aufgeführte Maßnahme durchgeführt werden soll, die Ist-Ausstattung im Rahmen der zum Zeitpunkt der Antragstellung aktuellen IT-Umfrage der ALP Dillingen gemeldet wurde.
B74: nein
B75: ja
A76: Nr. 7.1 g) dBIR | B76: Versicherung des Antragstellers, dass für die Schule, an der die aufgeführte Maßnahme durchgeführt werden soll, das Medienkonzept erarbeitet und dem Staatsministerium in der zum Zeitpunkt des Antrags aktuellen Version übermittelt wurde
B77: nein
B78: ja
B80: Auswahl der Zuwendungsempfänger-Art
B81: Stadt
B82: Markt
B83: Gemeinde
B84: Verwaltungsgemeinschaft
B85: Landkreis
B86: Bezirk
B87: Zweck- oder Schulverband
B88: freier Schulträger
A90: Anzahl laut MD | B90: Gegenstand (bei Zubehör: für X Geräte) | C90: zuw. Kosten laut MD | D90: Auftragsvolumina
A91: =SUMIFS(MD_Anzahl,MD_Gegenstand,$B91,MD_Auftragsdatum,">22.07.2020") -> #REF! | B91: Lehrerdienstgeräte ohne Zubehör | C91: =SUMIFS(MD_Ausgaben_zuw,MD_Gegenstand,$B91,MD_Auftragsdatum,">22.07.2020") -> #REF! | D91: =SUMIFS(MD_Auftragswert,MD_Gegenstand,B91,MD_Auftragsdatum,">22.07.2020") -> #REF!
A92: =SUMIFS(MD_Anzahl,MD_Gegenstand,$B92,MD_Auftragsdatum,">22.07.2020") -> #REF! | B92: Lehrerdienstgeräte mit Zubehör | C92: =SUMIFS(MD_Ausgaben_zuw,MD_Gegenstand,$B92,MD_Auftragsdatum,">22.07.2020") -> #REF! | D92: =SUMIFS(MD_Auftragswert,MD_Gegenstand,B92,MD_Auftragsdatum,">22.07.2020") -> #REF!
A93: =COUNTIFS(MD_Gegenstand,$B93,MD_Auftragsdatum,">22.07.2020") -> #REF! | B93: Zubehör: Eingabegeräte, Schutzhüllen, Adapter, … | C93: =SUMIFS(MD_Ausgaben_zuw,MD_Gegenstand,$B93,MD_Auftragsdatum,">22.07.2020") -> #REF! | D93: =SUMIFS(MD_Auftragswert,MD_Gegenstand,B93,MD_Auftragsdatum,">22.07.2020") -> #REF!
A94: =SUMIFS(MD_Anzahl,MD_Gegenstand,$B94,MD_Auftragsdatum,">22.07.2020") -> #REF! | B94: Zubehör: Mobile Endgeräte für Mobile Device Management | C94: =SUMIFS(MD_Ausgaben_zuw,MD_Gegenstand,$B94,MD_Auftragsdatum,">22.07.2020") -> #REF! | D94: =SUMIFS(MD_Auftragswert,MD_Gegenstand,B94,MD_Auftragsdatum,">22.07.2020") -> #REF!
A95: =COUNTIFS(MD_Gegenstand,$B95,MD_Auftragsdatum,">22.07.2020") -> #REF! | B95: Garantieverlängerungen/Versicherungen | C95: =SUMIFS(MD_Ausgaben_zuw,MD_Gegenstand,$B95,MD_Auftragsdatum,">22.07.2020") -> #REF! | D95: =SUMIFS(MD_Auftragswert,MD_Gegenstand,B95,MD_Auftragsdatum,">22.07.2020") -> #REF!
A96: =COUNTIFS(MD_Gegenstand,$B96,MD_Auftragsdatum,">22.07.2020") -> #REF! | B96: Software gemäß SoLD Nr. 3.1 Buchst. d | C96: =SUMIFS(MD_Ausgaben_zuw,MD_Gegenstand,$B96,MD_Auftragsdatum,">22.07.2020") -> #REF! | D96: =SUMIFS(MD_Auftragswert,MD_Gegenstand,B96,MD_Auftragsdatum,">22.07.2020") -> #REF!
A97: =COUNTIFS(MD_Gegenstand,$B97,MD_Auftragsdatum,">22.07.2020") -> #REF! | B97: Externe Dienst-/Beratungsleistungen | C97: =SUMIFS(MD_Ausgaben_zuw,MD_Gegenstand,$B97,MD_Auftragsdatum,">22.07.2020") -> #REF! | D97: =SUMIFS(MD_Auftragswert,MD_Gegenstand,B97,MD_Auftragsdatum,">22.07.2020") -> #REF!
A99: Anzahl nach Prüfung | B99: Gegenstand (bei Zubehör: für X Geräte) | C99: zuw. Kosten nach Prüfung
A100: =IF($D$32="ja",SUMIFS(PR_Anzahl,MD_Gegenstand,B100,#REF!,"<>nein"),"") -> #REF! | B100: Lehrerdienstgeräte ohne Zubehör | C100: =IF($D$32="ja",SUMIFS(PR_Ausgaben,MD_Gegenstand,B100,PR_Entscheidung,"<>nein"),"") -> #REF!
A101: =IF($D$32="ja",SUMIFS(PR_Anzahl,MD_Gegenstand,B101,#REF!,"<>nein"),"") -> #REF! | B101: Lehrerdienstgeräte mit Zubehör | C101: =IF($D$32="ja",SUMIFS(PR_Ausgaben,MD_Gegenstand,B101,PR_Entscheidung,"<>nein"),"") -> #REF!
A102: =IF($D$32="ja",COUNTIFS(MD_Gegenstand,B102,#REF!,"<>nein"),"") -> #REF! | B102: Zubehör: Eingabegeräte, Schutzhüllen, Adapter, … | C102: =IF($D$32="ja",SUMIFS(PR_Ausgaben,MD_Gegenstand,B102,PR_Entscheidung,"<>nein"),"") -> #REF!
A103: =IF($D$32="ja",COUNTIFS(MD_Gegenstand,B103,#REF!,"<>nein"),"") -> #REF! | B103: Zubehör: Mobile Endgeräte für Mobile Device Management | C103: =IF($D$32="ja",SUMIFS(PR_Ausgaben,MD_Gegenstand,B103,PR_Entscheidung,"<>nein"),"") -> #REF!
A104: =IF($D$32="ja",COUNTIFS(MD_Gegenstand,B104,#REF!,"<>nein"),"") -> #REF! | B104: Garantieverlängerungen/Versicherungen | C104: =IF($D$32="ja",SUMIFS(PR_Ausgaben,MD_Gegenstand,B104,PR_Entscheidung,"<>nein"),"") -> #REF!
A105: =IF($D$32="ja",COUNTIFS(MD_Gegenstand,B105,#REF!,"<>nein"),"") -> #REF! | B105: Software gemäß SoLD Nr. 3.1 Buchst. d | C105: =IF($D$32="ja",SUMIFS(PR_Ausgaben,MD_Gegenstand,B105,PR_Entscheidung,"<>nein"),"") -> #REF!
A106: =IF($D$32="ja",COUNTIFS(MD_Gegenstand,B106,#REF!,"<>nein"),"") -> #REF! | B106: Externe Dienst-/Beratungsleistungen | C106: =IF($D$32="ja",SUMIFS(PR_Ausgaben,MD_Gegenstand,B106,PR_Entscheidung,"<>nein"),"") -> #REF!
C111: SoLD
A112: Bestätigungen | C112: Wert
A113: Antragsformular | B113: andere Programme | C113: FALSE | D113: =AND(C113,C114) -> FALSE
A114: Antragsformular | B114: Maßnahmebeginn | C114: FALSE
A115: Antragsformular | B115: Versicherung 11.1 | C115: FALSE | D115: =AND(C115:C120) -> FALSE
...
